 Dungeon Sprint DCSS version 0.21-a0-522-ga8338f0 (webtiles) character file.

49 Kidiri the Insei (level 3, -7/33 HPs)
             Began as a Draconian Transmuter on Dec 6, 2017.
             Mangled by a water elemental (20 damage)
             ... in the Dungeon (Sprint III: "The Ten Rune Challenge").
             The game lasted 00:02:00 (358 turns).

Kidiri the Insei (Draconian Transmuter)              Turns: 358, Time: 00:02:00

Health: -7/33      AC:  2    Str: 12    XL:     3   Next: 53%
Magic:  2/8        EV: 21    Int: 13    God:
Gold:   18         SH:  0    Dex: 17    Spells: 3/9 levels left

rFire    . . .     SeeInvis .     - Unarmed
rCold    . . .     Gourm    .   (shield currently unavailable)
rNeg     . . .     Faith    .   (armour unavailable)
rPois    x         Spirit   .   (helmet currently unavailable)
rElec    .         Reflect  .   (cloak currently unavailable)
rCorr    .         Harm     .   (gloves currently unavailable)
MR       .....     NoTele   +   (boots currently unavailable)
Stlth    ++........             (no amulet)
HPRegen  0.51/turn              (no ring)
MPRegen  0.11/turn              (no ring)

@: spider-form (expiring)
A: tiny, unfitting armour, regeneration 1, AC +5
a: End Transformation


You were in the Dungeon.
You were not hungry.
You were a venomous arachnid creature.
You visited 1 branch You collected 18 gold pieces.

Inventory:

Missiles
 a - 10 arrows
Scrolls
 i - a scroll of blinking
 j - a scroll of holy word
 l - 2 scrolls of remove curse {unknown}
 p - a scroll of immolation
Potions
 d - a potion of curing
 e - a potion of heal wounds
 f - a potion of haste
 g - 2 potions of magic
 o - 2 potions of flight
 q - 2 potions of mutation
Books
 b - a book of Changes

   Spells                             Type                      Level
   a - Beastly Appendage              Transmutation                1
   b - Sticks to Snakes               Transmutation                2
   c - Spider Form                    Transmutation/Poison         3
   d - Ice Form                       Ice/Transmutation            4
   e - Blade Hands                    Transmutation                5
Comestibles
 c - 2 bread rations
 h - 3 chunks of flesh
 m - a royal jelly
 n - 4 fruits


   Skills:
 * Level 3.6 Fighting
 * Level 3.4 Dodging
 + Level 1.9 Stealth
 + Level 3.7 Unarmed Combat
 * Level 3.5 Spellcasting
 + Level 3.0 Transmutations
 + Level 0.0 Poison Magic


You had 3 spell levels left.
You knew the following spells:

 Your Spells              Type           Power        Failure   Level  Hunger
a - Beastly Appendage     Tmut           ##....       17%         1    #......
b - Sticks to Snakes      Tmut           ##......     24%         2    ##.....
c - Spider Form           Tmut/Pois      #.........   56%         3    ###....


Dungeon Overview and Level Annotations

Branches:
Dungeon (1/1)

Altars:


Innate Abilities, Weirdness & Mutations

((Your plain brown scales are hard. (AC +5)))
You cannot fit into any form of body armour.
((You are cold-blooded and may be slowed by cold attacks.))
((Your flesh is cold resistant. (rC+)))
Your natural rate of healing is unusually fast.
((You are covered in fur. (AC +1)))


Message History

Your ball python barely misses the water elemental.
Your ball python bites the water elemental but does no damage.
Unknown command.
You hit the water elemental.
The water elemental is moderately damaged.
The water elemental hits you.
Your ball python bites the water elemental but does no damage.
Your ball python closely misses the water elemental.
You hit the water elemental.
The water elemental is heavily damaged.
Your ball python bites the water elemental.
Your ball python bites the water elemental but does no damage.
The water elemental misses you.
Unknown command.
You barely miss the water elemental.
The water elemental is heavily damaged.
Your ball python barely misses the water elemental. x2
The water elemental hits you!!
Ouch! That really hurt!
You die...

▓▓▓▓▓▓▓▓▓▓ ▓▓▓
#..+...♣.♣ ♣.#
#..#.....♣♣ ♣♣.#
####....♣.♣ ♣..#
...#....≈♣♣♣♣..###+#+###
...#...≈≈..♣...#s.......
..(#..≈≈≈≈.....SE⌠......
##'#..≈≈≈≈≈≈♣♣.#S..#####
...#.≈≈≈≈≈≈....#.⌠.#
...#.≈≈≈≈≈.....#...#
...#.≈≈≈.......#+###
####...........#
...............#
▓▓▓▓▓▓▓▓▓▓▓▓▓▓▓▓


You could see a water elemental and 2 friendly ball pythons.

Vanquished Creatures
  Jessica (D)
  A human (D)
  A phantom (D)
  3 rats (D)
6 creatures vanquished.

Vanquished Creatures (others)
  2 draconian scorchers (D)
  6 hellions (D)
  A yaktaur (D)
9 creatures vanquished.

Grand Total: 15 creatures vanquished

Notes
Turn   | Place    | Note
-------+----------+-------------------------------------------
     0 | D        | Kidiri the Draconian Transmuter began the quest for the Orb.
     0 | D        | Reached XP level 1. HP: 16/16 MP: 3/3
    48 | D        | Noticed Jessica
    61 | D        | Killed Jessica
    61 | D        | Reached skill level 1 in Stealth
    61 | D        | Reached XP level 2. HP: 11/26 MP: 1/6
    78 | D        | Killed a yaktaur
    89 | D        | Killed a hellion
    90 | D        | Killed a hellion
    90 | D        | Killed a hellion
    90 | D        | Killed a hellion
    90 | D        | Killed a hellion
    94 | D        | Killed a hellion
   175 | D        | Killed a white draconian scorcher
   177 | D        | Killed a white draconian scorcher
   247 | D        | Learned a level 2 spell: Sticks to Snakes
   289 | D        | Reached XP level 3. HP: 31/31 MP: 4/7
   300 | D        | Gained mutation: You are frail. (-10% HP) [potion of mutation]
   300 | D        | Gained mutation: Your magical capacity is low. (-10% MP) [potion of mutation]
   300 | D        | Gained mutation: Your natural rate of healing is unusually fast. [potion of mutation]
   301 | D        | Lost mutation: Your magical capacity is low. (-10% MP) [potion of mutation]
   301 | D        | Gained mutation: You are weak. (Str -2) [potion of mutation]
   301 | D        | Gained mutation: Your flesh is cold resistant. (rC+) [potion of mutation]
   302 | D        | Lost mutation: You are frail. (-10% HP) [potion of mutation]
   302 | D        | Lost mutation: You are weak. (Str -2) [potion of mutation]
   302 | D        | Gained mutation: You are covered in fur. (AC +1) [potion of mutation]
   329 | D        | Learned a level 3 spell: Spider Form
   351 | D        | Noticed a water elemental
   358 | D        | Mangled by a water elemental

Vault maps used:
D:        dungeon_sprint_mu

Skill      XL: |  1  2 |
---------------+-------+-----
Dodging        | 3 |  3.4
Fighting       | 3 |  3.6
Stealth        | 1 |  1.9
Spellcasting   | 3 |  3.5
Transmutations | 3 |  3.0
Unarmed Combat | |  3.7

Action                   || total
-------------------------++-------
Melee: Unarmed           ||    20
       Kick              ||     4
       Tailslap          ||     1
 Cast: Beastly Appendage ||     5
       Sticks to Snakes  ||     2
       Spider Form       ||     1
  Use: Potion            ||     4
       Scroll            ||     3
Armor: Skin              ||     6
Dodge: Dodged            ||    11

Table legend:
 A = Spawn XP
 B = Non-spawn XP
 C = Spawn XP percentage of total XP
 D = Spawn monster count
 E = Non-spawn monster count
 F = Spawn count percentage of total count
 G = Total turns spent on level
                    A         B        C        D         E        F      G
               +---------+---------+-------+---------+---------+-------+---------
         Total |       0 |      71 |   0.0 |       0 |       6 |   0.0 |   358
               +---------+---------+-------+---------+---------+-------+---------
             D |       0 |      71 |   0.0 |       0 |       6 |   0.0 |   358
               +---------+---------+-------+---------+---------+-------+---------
